 Dungeon Crawl Stone Soup version 0.29-a0-732-g3d7fbe0af2 (webtiles) character file.

Game seed: 3544191237291528009

23 crusatyr the Cutter (level 2, -4/24 HPs)
             Began as a Demonspawn Monk on June 29, 2022.
             Killed from afar by Natasha (6 damage)
             ... with a magic dart
             ... on level 2 of the Dungeon.
             The game lasted 00:01:17 (1174 turns).

crusatyr the Cutter (Demonspawn Monk)               Turns: 1174, Time: 00:01:17

Health: -4/24      AC:  2    Str: 11    XL:     2   Next: 75%
Magic:  2/2        EV: 12    Int: 11    God:
Gold:   97         SH:  0    Dex: 15    Spells: 1/1 levels left

rFire   . . .      SeeInvis .   a - +0 short sword
rCold   . . .      Faith    .   (no shield)
rNeg    . . .      Spirit   .   b - +0 robe
rPois   .          Reflect  .   (no helmet)
rElec   .          Harm     .   (no cloak)
rCorr   .          Rampage  .   (no gloves)
Will    .....                   (no boots)
Stlth   ++........              (no amulet)
HPRegen 0.08/turn               (no ring)
MPRegen 0.08/turn               (no ring)

@: slowed, very slow
A: powered by death 1
a: no special abilities


You were on level 2 of the Dungeon.
You visited 1 branch of the dungeon, and saw 2 of its levels.

You collected 97 gold pieces.

Inventory:

Hand Weapons
 a - a +0 short sword (weapon)
Armour
 b - a +0 robe (worn)
Jewellery
 j - a ring of protection from fire
 n - an amulet of reflection
Scrolls
 d - 3 scrolls of identify {unknown}
 e - a scroll of amnesia {unknown}
 f - a scroll of magic mapping {unknown}
 i - a scroll of acquirement {unknown}
 k - a scroll of brand weapon {unknown}
 l - a scroll of summoning {unknown}
Potions
 c - a potion of ambrosia
 g - a potion of degeneration {unknown}
 h - a potion of haste {unknown}
 m - a potion of might {unknown}
 o - 2 potions of curing {unknown}


   Skills:
 - Level 3.0 Fighting
 + Level 3.7 Short Blades
 - Level 2.6 Dodging
 - Level 1.7 Stealth


You had one spell level left.
You didn't know any spells.
Your spell library contained the following spells:

 Spells                   Type           Power      Damage    Failure   Level
 Apportation              Tloc           0%         N/A       34%         1
 Alistair's Intoxication  Tmut/Pois      0%         N/A       100%        5


Dungeon Overview and Level Annotations

Branches:
Dungeon (2/15)

Altars:
Trog

Annotations:
D:2 Natasha


Innate Abilities, Weirdness & Mutations

You regenerate a little health from kills.


Message History

The white imp is heavily wounded.
The white imp hits you. The white imp freezes you.
Natasha casts a spell.
You hit the white imp but do no damage.
The white imp is heavily wounded.
The white imp gestures at you. The puff of frost hits you!
* * * LOW HITPOINT WARNING * * *
You closely miss the white imp.
The white imp is heavily wounded.
The white imp gestures at you. The puff of frost misses you.
Natasha wildly gestures.
Natasha glows brightly for a moment.
You closely miss the white imp.
The white imp is heavily wounded.
The white imp hits you but does no damage.
You hit the white imp but do no damage.
The white imp is heavily wounded.
Natasha casts a spell.
The white imp closely misses you.
You hit the white imp.
The white imp is severely wounded.
You hit the white imp.
You kill the white imp!
The white imp disappears in a puff of smoke!
You hit Natasha.
Natasha is heavily wounded.
Natasha stares at you and mumbles some strange words.
You feel yourself slow down.
You hit Natasha.
Natasha is almost dead.
Natasha casts a spell.
You hit Natasha but do no damage.
Natasha is almost dead.
Natasha closely misses you.
The shadow imp hits you but does no damage.
Natasha stares at you and mumbles some strange words.
The magic dart hits you.
You die...

### #.#####
..#.....########
#.#.###........#
#.#.# #..#####.#
#.#.# #..# #.#
#.#.# #..# #5#
###.#.###..##
#@#
..#.#.......#
#h#
..#.........#
#5#
..........#.#
#5#
........>.#.#
#.#
#.######..#.#
#.# #.# ...#.#
#.# #.# ...# #.#
#.. ....#


You could see Natasha, a white imp (summoned) and 2 shadow imps.

Vanquished Creatures
  A dart slug (D:1)
  A ball python (D:1)
  An endoplasm (D:1)
  A giant cockroach (D:1)
  4 goblins (D:1)
  A hobgoblin (D:1)
  2 jackals (D:1)
  2 kobolds (D:1)
  A quokka (D:1)
  3 bats (D:1)
  A rat (D:1)
18 creatures vanquished.

Vanquished Creatures (others)
  5 toadstools (D:1)
5 creatures vanquished.

Grand Total: 23 creatures vanquished

Notes
Turn   | Place    | Note
-------+----------+-------------------------------------------
     0 | D:1      | crusatyr the Demonspawn Monk began the quest for the Orb.
     0 | D:1      | Reached XP level 1. HP: 18/18 MP: 1/1
   288 | D:1      | Found a faded altar of an unknown god.
   388 | D:1      | Gained mutation: You regenerate a little health from kills.
                  | [demonic ancestry]
   388 | D:1      | Reached XP level 2. HP: 24/24 MP: 2/2
  1044 | D:2      | Found a bloodstained altar of Trog.
  1156 | D:2      | Noticed Natasha
  1166 | D:2      | HP: 1/24 [white imp/puff of frost[Natasha] (10)]
  1174 | D:2      | Killed from afar by Natasha

Illustrated notes

Levels and vault maps discovered:
D:1:      ldierk_walled_garden, layout_basic,
          chequers_ecumenical_altar_simple_redux, minmay_misc_feat_room
D:2:      layout_basic, basic_altar, kennysheep_generic_room_7, uniq_natasha,
          uniq_robin

Skill      XL: |  1 |
---------------+----+-----
Short Blades   | 3 |  3.7
Fighting       | |  3.0
Dodging        | |  2.6
Stealth        | |  1.7

Action                   || total
-------------------------++-------
Melee: Short sword       ||    88
       Punch             ||     1
 Stab: Sleeping          ||     1
Armor: Robe              ||    24
Dodge: Dodged            ||    61

Table legend: (Time is in decaauts)
 A = Elapsed time spent in this place.
 B = Non-inter-level travel time spent in this place.
 C = Inter-level travel time spent in this place.
 D = Time resting spent in this place.
 E = Time spent auto-exploring this place.
 F = Levels seen in this place.
 G = Mean time per level.
                   A        B        C        D        E       F      G
               +--------+--------+--------+--------+--------+-----+--------+
         Total |   1167 |   1148 |     19 |      0 |    919 |   2 |  583.5 |
       Dungeon |   1167 |   1148 |     19 |      0 |    919 |   2 |  583.5 |
               +--------+--------+--------+--------+--------+-----+--------+

Top non-repeatable levels by time:
     D:1: 1027 daAuts
     D:2: 140 daAuts
